 Dungeon Crawl Stone Soup version 0.29-a0-241-g20d21d4356 (webtiles) character file.

Game seed: 13811739360846363739

187 Ordine the Cudgeller (level 5, -5/32 HPs)
             Began as a Tengu Warper on Mar 4, 2022.
             Splashed by a jelly's acid (7 damage)
             ... on level 5 of the Dungeon.
             The game lasted 00:06:32 (3248 turns).

Ordine the Cudgeller (Tengu Warper)                 Turns: 3248, Time: 00:06:33

Health: -5/32      AC:  0    Str: 14    XL:     5   Next: 66%
Magic:  9/9        EV: 14    Int: 13    God:
Gold:   39         SH:  0    Dex: 13    Spells: 8/8 levels left

rFire   . . .      SeeInvis .   a - +0 mace
rCold   . . .      Faith    .   (no shield)
rNeg    . . .      Spirit   .   k - +1 robe {Will+}
rPois   .          Reflect  .   (helmet restricted)
rElec   .          Harm     .   (no cloak)
rCorr   .          Rampage  .   (no gloves)
Will    +....                   (boots unavailable)
Stlth   +.........              (no amulet)
HPRegen 0.10/turn               (no ring)
MPRegen 0.11/turn               (no ring)

@: corroded, flying quickly and evasively, quick
A: beak, talons 3, nimble flight
a: no special abilities


You were on level 5 of the Dungeon.
You visited 1 branch of the dungeon, and saw 5 of its levels.

You collected 133 gold pieces.
You spent 94 gold pieces at shops.

Inventory:

Hand Weapons
 a - a +0 mace (weapon)
Missiles
 d - 5 boomerangs of dispersal
 o - 5 curare-tipped darts
Armour
 k - a +1 robe of willpower (worn)
Scrolls
 b - 2 scrolls of amnesia
 c - a scroll of blinking
 e - 5 scrolls of magic mapping
 f - a scroll of fear {unknown}
 h - a scroll of silence {unknown}
 i - a scroll of teleportation {unknown}
 l - a scroll of vulnerability {unknown}
Potions
 g - a potion of haste {unknown}
 j - 2 potions of resistance {unknown}
 m - a potion of curing
 n - a potion of invisibility {unknown}
 p - 2 potions of cancellation {unknown}


   Skills:
 + Level 3.2 Fighting
 * Level 4.7 Maces & Flails
 + Level 2.6 Throwing
 - Level 1.1 Armour
 - Level 2.1 Dodging
 - Level 2.0 Spellcasting
 - Level 2.4 Translocations


You had 8 spell levels left.
You didn't know any spells.
Your spell library contained the following spells:

 Spells                   Type           Power      Damage    Failure   Level
 Blink                    Tloc           14%        N/A       14%         2
 Gell's Gravitas          Tloc           7%         N/A       28%         3
 Lesser Beckoning         Tloc           7%         N/A       28%         3
 Teleport Other           Tloc           7%         N/A       28%         3
 Ignite Poison            Fire/Tmut/Pois 1%         N/A       58%         3
 Mephitic Cloud           Conj/Pois/Air  1%         N/A       58%         3
 Manifold Assault         Tloc           7%         N/A       95%         5
 Freezing Cloud           Conj/Ice/Air   0%         6-21      100%        5


Dungeon Overview and Level Annotations

Branches:
Dungeon (6/15)
 Temple: D:4-7

Altars:

Shops:
D:2 [?*


Innate Abilities, Weirdness & Mutations

You have a beak for a mouth.
You have claws for feet.
Your magical nature lets you fly swiftly and evasively.


Message History

The adder closely misses you.
You barely miss the adder. The adder closely misses you.
You miss the adder. Your peck misses the adder. The adder misses you.
You barely miss the adder. The adder barely misses you.
The adder closely misses you.
You closely miss the adder. You claw the adder.
The adder is lightly wounded.
The adder closely misses you. The adder bites you.
* * * LOW HITPOINT WARNING * * *
You barely miss the adder. The adder barely misses you.
You thump the adder! Your kick misses the adder.
The adder is severely wounded.
The adder bites you but does no damage. x2
You miss the adder. Your kick misses the adder.
The adder is severely wounded.
The adder closely misses you.
You hit the adder.
You kill the adder!
A jelly comes into view.
Found a long jewelled staff.
The jelly quivers.
You hit the jelly.
Your hands burn!
You claw the jelly. You peck the jelly, but do no damage.
The jelly is moderately wounded.
The jelly hits you. The acid corrodes you!
You are splashed with acid!
You are too injured to fight recklessly!
You are too injured to fight recklessly!
You hit the jelly.
Your hands burn!
* * * LOW HITPOINT WARNING * * *
You peck the jelly.
The jelly is severely wounded.
The jelly barely misses you.
You hit the jelly.
Your hands burn!
* * * LOW HITPOINT WARNING * * *
You claw the jelly, but do no damage.
The jelly is almost dead.
The jelly hits you.
* * * LOW HITPOINT WARNING * * *
The acid corrodes you!
You are splashed with acid!
You die...

.. .. .. ... . ##
#.## ..#
..#.##......#
#.|.....##..# .
#...........## ..
#......J...#.##..#
#......@.........#
....###..........#
. #...†.......
#...>......#
#..........#
.........#.....
.........# ....
#......... ...
#(....##... ..


You could see a jelly.

Vanquished Creatures
  A howler monkey (D:6)
  Natasha (D:3)
  5 adders
  2 worms (D:2)
  4 dart slugs
  8 endoplasms
  4 giant cockroaches
  4 goblins
  4 hobgoblins (D:2)
  5 quokkas
  5 ball pythons
  6 bats
  2 frilled lizards (D:1)
  7 kobolds
  8 rats
66 creatures vanquished.

Vanquished Creatures (others)
  19 plants (D:6)
19 creatures vanquished.

Grand Total: 85 creatures vanquished

Notes
Turn   | Place    | Note
-------+----------+-------------------------------------------
     0 | D:1      | Ordine the Tengu Warper began the quest for the Orb.
     0 | D:1      | Reached XP level 1. HP: 12/12 MP: 4/4
   141 | D:1      | Reached XP level 2. HP: 12/17 MP: 6/6
   710 | D:1      | Reached skill level 3 in Maces & Flails
   933 | D:1      | Reached XP level 3. HP: 17/22 MP: 7/7
  1672 | D:2      | Found Xufaceg's Magic Scroll Shoppe.
  1695 | D:2      | Bought a scroll of identify for 28 gold pieces
  1775 | D:2      | Found Nek Vuny's Antique Armour Shop.
  1789 | D:2      | Reached XP level 4. HP: 25/27 MP: 8/8
  2232 | D:2      | Found Huduf's General Store.
  2291 | D:2      | Bought 5 curare-tipped darts for 33 gold pieces
  2291 | D:2      | Bought a potion of curing for 33 gold pieces
  2418 | D:3      | Reached skill level 4 in Maces & Flails
  2539 | D:3      | Found a faded altar of an unknown god.
  2637 | D:3      | Noticed Natasha
  2641 | D:3      | Killed Natasha
  2642 | D:3      | Gained mutation: Your magical nature lets you fly swiftly
                  | and evasively. [Tengu growth]
  2642 | D:3      | Reached XP level 5. HP: 31/32 MP: 9/9
  3021 | D:3      | You are sucked into a shaft and drop 3 floors!
  3038 | D:6      | Noticed a centaur
  3059 | D:5      | Entered Level 5 of the Dungeon
  3248 | D:5      | Splashed by a jelly's acid

Illustrated notes

Levels and vault maps discovered:
D:1:      zaba_arrival_water, layout_loops_ring, st_stairs_7
D:2:      layout_rooms, serial_shops, nicolae_shop_stone,
          nicolae_shop_advertising_works [nicolae_subvault_shop_adworks], shop
D:3:      layout_rooms, ebering_ecumenical_altar_abandoned, uniq_natasha
D:5:      layout_cave_pools
D:6:      kennysheep_kobold_camp, layout_cave_pools, serial_shops,
          nicolae_square_shop, minmay_misc_feat_ornament

Skill      XL: |  1  2  3  4 |
---------------+-------------+-----
Maces & Flails | 3 4 |  4.7
Throwing       | 2 |  2.6
Fighting       | 3 |  3.2
Armour         | |  1.1
Dodging        | |  2.1
Spellcasting   | |  2.0
Translocations | |  2.4

Action                   |  1- 3 |  4- 6 || total
-------------------------+-------+-------++-------
Melee: Mace              |    86 |    87 ||   173
       Kick              |    23 |    22 ||    45
       Peck              |     9 |    12 ||    21
       Punch             |     1 |     2 ||     3
  Use: Scroll            |     1 |     1 ||     2
       Potion            |       |     1 ||     1
 Stab: Sleeping          |       |     1 ||     1
       Distracted        |       |     1 ||     1
Armor: Leather armour    |    23 |       ||    23
       Robe              |     3 |    22 ||    25
Dodge: Dodged            |    50 |    72 ||   122

Table legend: (Time is in decaauts)
 A = Elapsed time spent in this place.
 B = Non-inter-level travel time spent in this place.
 C = Inter-level travel time spent in this place.
 D = Time resting spent in this place.
 E = Time spent auto-exploring this place.
 F = Levels seen in this place.
 G = Mean time per level.
                   A        B        C        D        E       F      G
               +--------+--------+--------+--------+--------+-----+--------+
         Total |   3279 |   3227 |     52 |      0 |   2757 |   5 |  655.8 |
       Dungeon |   3279 |   3227 |     52 |      0 |   2757 |   5 |  655.8 |
               +--------+--------+--------+--------+--------+-----+--------+

Top non-repeatable levels by time:
     D:1: 1625 daAuts
     D:2: 823 daAuts
     D:3: 603 daAuts
     D:5: 190 daAuts
     D:6: 35 daAuts
